 Dungeon Crawl Stone Soup version 0.28.0-53-g5a82cb258f (webtiles) character file.

Game seed: 2403765777308707544

1731 Ashen the Ogre Mage (level 9, -6/126 HPs)
             Began as an Ogre Hedge Wizard on June 17, 2022.
             Asphyxiated
             ... on level 6 of the Dungeon.
             The game lasted 00:23:14 (7605 turns).

Ashen the Ogre Mage (Ogre Hedge Wizard)             Turns: 7605, Time: 00:23:16

Health: -6/126     AC:  7    Str: 16    XL:     9   Next: 5%
Magic:  3/17       EV: 29    Int: 19    God:
Gold:   73         SH:  0    Dex:  8    Spells: 11/19 levels left

rFire   . . .      SeeInvis .   t - +1 whip (freeze)
rCold   . . .      Faith    .   (no shield)
rNeg    . . .      Spirit   .   i - +2 robe {Will+}
rPois   .          Reflect  .   m - +2 hat
rElec   .          Harm     .   (no cloak)
rCorr   .          Rampage  .   (gloves unavailable)
Will    +....                   (boots unavailable)
Stlth   ..........              a - amulet of the acrobat
HPRegen 0.31/turn               q - +4 ring of evasion
MPRegen 0.15/turn               (no ring)

@: berserking (expiring), lethally poisoned (-6 -> -30), acrobatic, slowed,
studying Invocations
A: large, unfitting armour, tough skin 1
a: no special abilities


You were on level 6 of the Dungeon.
You visited 1 branch of the dungeon, and saw 6 of its levels.

You collected 248 gold pieces.
You spent 175 gold pieces at shops.

Inventory:

Hand Weapons
 o - a +0 flail
 t - a +1 whip of freezing (weapon)
Armour
 i - a +2 robe of willpower (worn)
 m - a +2 hat (worn)
 s - a +0 kite shield
 u - a +0 robe of cold resistance
Jewellery
 a - an amulet of the acrobat (around neck)
 q - a +4 ring of evasion (left hand)
Scrolls
 b - a scroll of blinking {unknown}
 c - a scroll of amnesia {unknown}
 f - 2 scrolls of vulnerability
 g - 3 scrolls of teleportation
 k - a scroll of identify
 n - a scroll of silence
 p - 2 scrolls of fog {unknown}
 r - a scroll of enchant weapon {unknown}
Potions
 e - 2 potions of experience
 h - 2 potions of brilliance
 l - a potion of lignification


   Skills:
 + Level 3.7 Fighting
 + Level 3.4 Maces & Flails
 + Level 3.3 Dodging
 - Level 3.0 Stealth
 * Level 5.5 Spellcasting
 + Level 3.3 Conjurations
 - Level 3.0 Summonings
 - Level 3.0 Translocations
 + Level 3.3 Air Magic
 - Level 3.0 Poison Magic


You had 11 spell levels left.
You knew the following spells:

 Your Spells              Type           Power      Damage    Failure   Level
a - Magic Dart            Conj           72%        1d6       3%          1
b - Blink                 Tloc           32%        N/A       5%          2
c - Call Imp              Summ           16%        N/A       5%          2
d - Mephitic Cloud        Conj/Pois/Air  17%        N/A       10%         3

Your spell library contained the following spells:

 Spells                   Type           Power      Damage    Failure   Level
 Slow                     Hex            20%        N/A       12%         1
 Conjure Flame            Conj/Fire      11%        6-21      19%         3
 Confusing Touch          Hex            5%         N/A       34%         3
 Vampiric Draining        Necr           5%         2d6       34%         3


Dungeon Overview and Level Annotations

Branches:
Dungeon (6/15)
 Temple: D:4-7

Altars:
Elyvilon
Hepliaklqana
Qazlal
The Shining One
Beogh

Shops:
D:2 *   D:5 ?

Annotations:
D:5 3 runed translucent doors, Garym's ghost, novice MiBe


Innate Abilities, Weirdness & Mutations

You are too large for most types of armour.
You have tough skin. (AC +1)


Message History

You see here a +0 pair of boots.
Casting: Magic Dart (safe; 3% risk of failure)
Confirm with . or Enter, or press ? or * to list all spells.
A beastly little devil appears in a puff of flame.
The kobold brigand throws a curare-tipped dart.
The curare-tipped dart closely misses you.
The curare-tipped dart completely misses your crimson imp.
The kobold brigand throws a curare-tipped dart.
The curare-tipped dart hits you.
You are poisoned.
You have difficulty breathing.
* * * LOW HITPOINT WARNING * * *
You feel as though you will be slow longer.
You swap places.
* * * LOW HITPOINT WARNING * * *
You feel very sick.
Your crimson imp blinks!
The stone hits your crimson imp.
Your crimson imp blinks!
You feel better. The kobold brigand barely misses you.
A red film seems to cover your vision as you go berserk!
You feel yourself moving faster!
You feel mighty!
The kobold brigand hits you with a +0 short sword!
* * * LOW HITPOINT WARNING * * *
The kobold brigand closely misses you.
You feel a strong urge to attack something.
The kobold brigand throws a curare-tipped dart.
The curare-tipped dart hits you.
You are lethally poisoned!
You have difficulty breathing.
* * * LOW HITPOINT WARNING * * *
You feel as though you will be slow longer.
You feel your anger nearly subside.
* * * LOW HITPOINT WARNING * * *
You feel very sick.
The kobold brigand throws a curare-tipped dart.
The curare-tipped dart hits you.
You are more poisoned.
You have difficulty breathing.
You die...

...###..######## #......
.#. #..†......# ###....## .
#...#####.##########.....##
#......#.#
#.>............####
#.##.###.#
#.<########.......# #. #.#
#..# #.#####.## # #.# #..#
#.# .. #.#####..########.#
.§ #........@..KKKK..# ..K
#######..########.#####.#
#..# #...).).# #[.#
####K5### ... #..# .##.
#..# #. #. ...# # .. ##..#
#..#


You could see a kobold brigand and 3 kobolds.

Vanquished Creatures
  Pikel (D:5)
  Menkaure (D:6)
  A water moccasin (D:6)
  2 sky beasts
  A centaur (D:6)
  A lemure (D:5)
  A wight (D:4)
  2 jellies (D:5)
  An orc priest (D:5)
  5 hounds
  An iguana (D:5)
  An orc wizard (D:5)
  A hound zombie (D:5)
  3 gnolls
  4 adders
  A white imp (D:6)
  An adder skeleton (D:4)
  A worm (D:3)
  3 dart slugs
  4 orcs
  6 endoplasms
  8 goblins
  9 hobgoblins
  6 jackals
  4 quokkas (D:3)
  3 ball pythons
  7 bats
  3 frilled lizards (D:3)
  6 kobolds
  5 rats
93 creatures vanquished.

Vanquished Creatures (collateral kills)
  A water moccasin (D:5)
  A black bear (D:4)
  A gnoll sergeant (D:5)
  An iguana (D:4)
4 creatures vanquished.

Grand Total: 97 creatures vanquished

Notes
Turn   | Place    | Note
-------+----------+-------------------------------------------
     0 | D:1      | Ashen the Ogre Hedge Wizard began the quest for the Orb.
     0 | D:1      | Reached XP level 1. HP: 16/16 MP: 5/5
   187 | D:1      | Reached skill level 1 in Translocations
   241 | D:1      | Reached skill level 1 in Conjurations
   241 | D:1      | Reached skill level 1 in Summonings
   418 | D:1      | Reached XP level 2. HP: 10/26 MP: 4/6
   674 | D:1      | Learned a level 2 spell: Blink
   677 | D:1      | Learned a level 2 spell: Call Imp
  1176 | D:1      | Reached skill level 1 in Fighting
  1209 | D:1      | Reached XP level 3. HP: 33/33 MP: 5/8
  1477 | D:1      | Found a faded altar of an unknown god.
  1655 | D:2      | Found Ujae's Assorted Antiques.
  2115 | D:2      | Learned a level 3 spell: Mephitic Cloud
  2260 | D:2      | Reached XP level 4. HP: 40/41 MP: 0/9
  4174 | D:4      | Noticed a black bear
  4361 | D:4      | Found a stormy altar of Qazlal.
  4364 | D:4      | Found a glowing golden altar of the Shining One.
  4486 | D:4      | Found a hazy altar of Hepliaklqana.
  4595 | D:4      | Reached skill level 4 in Spellcasting
  4595 | D:4      | Reached XP level 5. HP: 35/49 MP: 6/11
  5310 | D:4      | Killed a black bear
  5311 | D:4      | Reached skill level 1 in Maces & Flails
  5311 | D:4      | Reached skill level 1 in Air Magic
  5311 | D:4      | Reached skill level 1 in Poison Magic
  5311 | D:4      | Reached XP level 6. HP: 49/57 MP: 2/12
  5489 | D:5      | Entered Level 5 of the Dungeon
  5560 | D:5      | Noticed a water moccasin
  5570 | D:5      | Killed a water moccasin
  5743 | D:5      | Reached XP level 7. HP: 66/66 MP: 6/13
  6028 | D:5      | Noticed Pikel
  6125 | D:5      | Found a runed translucent gate.
  6125 | D:5      | Found a runed translucent gate.
  6127 | D:5      | Found a runed translucent gate.
  6128 | D:5      | Noticed Garym's ghost (novice MiBe)
  6132 | D:5      | Identified the +7 short sword "Biutini" {speed, rPois}
  6132 | D:5      | Identified the +1 chain mail of Free Expression {Dex+2}
  6813 | D:5      | Found Weiby's Magic Scroll Boutique.
  6836 | D:5      | Killed Pikel
  6837 | D:5      | Reached skill level 5 in Spellcasting
  6837 | D:5      | Reached XP level 8. HP: 65/75 MP: 7/15
  6932 | D:5      | Bought a scroll of teleportation for 42 gold pieces
  6932 | D:5      | Bought a scroll of vulnerability for 105 gold pieces
  6932 | D:5      | Bought a scroll of identify for 28 gold pieces
  7055 | D:5      | Found a white marble altar of Elyvilon.
  7569 | D:6      | Noticed Menkaure
  7581 | D:6      | Killed Menkaure
  7582 | D:6      | Reached XP level 9. HP: 31/84 MP: 0/17
  7595 | D:6      | HP: 3/84 [asphyx]
  7605 | D:6      | HP: 5/126 [poisoned by a kobold brigand (curare-tipped
                  | dart)]
  7605 | D:6      | Asphyxiated

Illustrated notes

Levels and vault maps discovered:
D:1:      wander_arrival_peaceful_grave, layout_loops_ring,
          dreamdust_ecumenical_altar_angels_and_demons
D:2:      layout_basic, serial_shops, nicolae_shop_advertising_works
          [nicolae_subvault_shop_adworks], nrook_mini_backslash
D:3:      layout_basic, st_stairs_4
D:4:      layout_loops_corners, mainiacjoe_overflow_boulevard,
          jmf_multi_god_temple, roderic_lattice_a, kennysheep_generic_room_13
D:5:      layout_basic, mainiacjoe_overflow_paths, biasface_ghost_orc_armoury,
          serial_shops, nicolae_shop_waterfront, minmay_manual_mail, uniq_pikel
D:6:      layout_loops_ring, uniq_menkaure

Skill      XL: |  1  2  3  4  5  6  7  8 |
---------------+-------------------------+-----
Translocations | 1 2 3 |  3.0
Conjurations   | 1 2 3 |  3.3
Summonings     | 1 2 3 |  3.0
Fighting       | 1 2 3 |  3.7
Dodging        | 2 3 |  3.3
Stealth        | 2 3 |  3.0
Spellcasting   | 4 5 |  5.5
Maces & Flails | 1 2 3 |  3.4
Air Magic      | 1 2 3 |  3.3
Poison Magic   | 1 3 |  3.0

Action                   |  1- 3 |  4- 6 |  7- 9 || total
-------------------------+-------+-------+-------++-------
Melee: Whip              |    34 |    57 |    41 ||   132
       Punch             |     1 |     1 |     2 ||     4
       Dagger            |     1 |       |       ||     1
       Flail             |       |    16 |    75 ||    91
 Cast: Magic Dart        |    81 |   106 |    63 ||   250
       Call Imp          |       |     5 |    12 ||    17
       Mephitic Cloud    |       |     5 |    13 ||    18
  Use: Scroll            |       |     7 |     1 ||     8
       Potion            |       |       |     3 ||     3
 Stab: Sleeping          |     1 |     1 |       ||     2
       Confused          |       |       |     8 ||     8
       Distracted        |       |       |     1 ||     1
Armor: Robe              |    26 |    44 |    38 ||   108
Dodge: Dodged            |    40 |    59 |    99 ||   198
